 Dungeon Crawl Stone Soup version 0.23-a0-183-gf37f6fb109 (webtiles) character file.

86 Ablot the Charmwright (level 4, -4/38 HPs)
             Began as a Gnoll Skald on Sept 22, 2018.
             Was an Initiate of Okawaru.
             Killed from afar by an orc wizard (9 damage)
             ... with a puff of flame
             ... on level 3 of the Dungeon.
             The game lasted 00:04:00 (1900 turns).

Ablot the Charmwright (Gnoll Skald)                 Turns: 1900, Time: 00:04:01

Health: -4/38      AC:  4    Str: 14    XL:     4   Next: 50%
Magic:  7/11       EV: 14    Int: 15    God:    Okawaru [......]
Gold:   100        SH:  0    Dex: 15    Spells: 2/13 levels left

rFire    . . .     SeeInvis .   a - +0 spear
rCold    . . .     Gourm    .   (no shield)
rNeg     . . .     Faith    .   b - +0 leather armour
rPois    .         Spirit   .   n - +0 helmet
rElec    .         Reflect  .   (no cloak)
rCorr    .         Harm     .   (no gloves)
MR       .....                  (no boots)
Stlth    +.........             (no amulet)
HPRegen  0.12/turn              (no ring)
MPRegen  0.12/turn              (no ring)

@: confused, infused (expiring)
A: distributed training, fangs 1, strong nose
a: Renounce Religion


You were on level 3 of the Dungeon.
You worshipped Okawaru.
Okawaru was noncommittal.
You were near starving.

You visited 1 branch of the dungeon, and saw 3 of its levels.

You collected 100 gold pieces.

Inventory:

Hand Weapons
 a - a +0 spear (weapon)
 p - a +2 dagger of draining
Missiles
 g - 103 stones (quivered)
 m - 29 bolts
 r - 16 sling bullets
 u - 38 arrows
Armour
 b - a +0 leather armour (worn)
 n - a +0 helmet (worn)
Scrolls
 c - 3 scrolls of fear {unknown}
 i - 3 scrolls of amnesia {unknown}
 k - a scroll of remove curse {unknown}
 l - a scroll of noise {unknown}
 o - 4 scrolls of identify {unknown}
 q - 2 scrolls of random uselessness {unknown}
 s - a scroll of enchant armour {unknown}
Potions
 e - a potion of haste {unknown}
 f - 2 potions of heal wounds {unknown}
 h - a potion of berserk rage {unknown}
 j - a potion of mutation {unknown}
 t - a potion of agility {unknown}
Comestibles
 d - 6 rations


   Skills:
 + Level 4.6 Fighting
 + Level 1.1 Short Blades
 + Level 1.1 Long Blades
 + Level 1.1 Axes
 + Level 1.1 Maces & Flails
 + Level 4.6 Polearms
 + Level 1.1 Staves
 + Level 1.1 Slings
 + Level 1.1 Bows
 + Level 1.1 Crossbows
 + Level 1.1 Throwing
 + Level 2.7 Armour
 + Level 4.6 Dodging
 + Level 1.1 Stealth
 + Level 1.1 Shields
 + Level 1.1 Unarmed Combat
 + Level 5.1 Spellcasting
 + Level 0.9 Conjurations
 + Level 0.9 Hexes
 + Level 5.4 Charms
 + Level 0.9 Summonings
 + Level 0.9 Necromancy
 + Level 0.9 Translocations
 + Level 0.9 Transmutations
 + Level 0.9 Fire Magic
 + Level 0.9 Ice Magic
 + Level 0.9 Air Magic
 + Level 0.9 Earth Magic
 + Level 0.9 Poison Magic
 + Level 1.2 Invocations
 + Level 1.1 Evocations


You had 2 spell levels left.
You knew the following spells:

 Your Spells              Type           Power        Failure   Level  Hunger
a - Infusion              Chrm           ###.         1%          1    None
b - Song of Slaying       Chrm           ###.....     3%          2    ##.....
c - Shroud of Golubria    Chrm/Tloc      ##........   9%          2    ##.....
d - Regeneration          Chrm/Necr      ##........   16%         3    ###....
e - Spectral Weapon       Hex/Chrm       ##......     16%         3    ###....

Your spell library contained the following spells:

 Spells                   Type           Power        Failure   Level  Hunger


Dungeon Overview and Level Annotations

Branches:
Dungeon (3/15)

Altars:
Okawaru
Wu Jian

Annotations:
D:2 water, scroll


Innate Abilities, Weirdness & Mutations

Your experience applies equally to all skills.
You have very sharp teeth.
Your uncanny sense of smell can sniff out nearby items.


Message History

Space distorts slightly along a thin shroud covering your body.
You hear some strange, mumbled words.
You are confused.
You bump into the rock wall.
Something hits you.
* * * LOW HITPOINT WARNING * * *
Your shroud falls apart!
You bump into the rock wall.
You hear some strange, mumbled words.
A magic dart appears from out of thin air!
The magic dart hits you!
* * * LOW HITPOINT WARNING * * *
A magic dart appears from out of thin air!
The magic dart hits you!
* * * LOW HITPOINT WARNING * * *
You bump into the rock wall.
Your magical infusion is running out.
You hear some strange, mumbled words.
A puff of flame appears from out of thin air!
The puff of flame hits you!
You die...

.. . ##. #.. #.#
#.# #.#
###.#######.######
......{)@........#
###..###########.#
##### ... #.#
#.... # #.# #.###
#.# #.# # #.# #.#
# #.# #.# # ####.#
#.### #....# #....


There were no monsters in sight!

Vanquished Creatures
  An adder (D:3)
  An ooze (D:2)
  2 worms (D:2)
  2 leopard geckos
  3 orcs (D:3)
  9 bats
  4 giant cockroaches
  8 goblins
  9 hobgoblins
  3 jackals (D:3)
  7 kobolds
  A ball python (D:3)
  A frilled lizard (D:1)
  8 rats
59 creatures vanquished.

Notes
Turn   | Place    | Note
-------+----------+-------------------------------------------
     0 | D:1      | Ablot the Gnoll Skald began the quest for the Orb.
     0 | D:1      | Reached XP level 1. HP: 20/20 MP: 6/6
   199 | D:1      | Reached XP level 2. HP: 26/26 MP: 7/7
   617 | D:1      | Reached XP level 3. HP: 31/31 MP: 9/9
   623 | D:1      | Learned a level 2 spell: Song of Slaying
   626 | D:1      | Learned a level 2 spell: Shroud of Golubria
   630 | D:1      | Learned a level 3 spell: Regeneration
   634 | D:1      | Learned a level 3 spell: Spectral Weapon
   691 | D:1      | Reached skill level 5 in Spellcasting
   968 | D:2      | Reached skill level 1 in Invocations
   994 | D:2      | Found an iron altar of Okawaru.
  1006 | D:2      | Became a worshipper of Warmaster Okawaru
  1256 | D:2      | Reached skill level 1 in Short Blades
  1256 | D:2      | Reached skill level 1 in Long Blades
  1256 | D:2      | Reached skill level 1 in Axes
  1256 | D:2      | Reached skill level 1 in Maces & Flails
  1256 | D:2      | Reached skill level 1 in Staves
  1256 | D:2      | Reached skill level 1 in Slings
  1256 | D:2      | Reached skill level 1 in Bows
  1256 | D:2      | Reached skill level 1 in Crossbows
  1256 | D:2      | Reached skill level 1 in Throwing
  1256 | D:2      | Reached skill level 1 in Stealth
  1256 | D:2      | Reached skill level 1 in Shields
  1256 | D:2      | Reached skill level 1 in Unarmed Combat
  1256 | D:2      | Reached skill level 1 in Evocations
  1258 | D:2      | Reached XP level 4. HP: 33/38 MP: 11/11
  1310 | D:2      | Found an ornate altar of the Wu Jian Council.
  1900 | D:3      | Killed from afar by an orc wizard

Vault maps used:
D:1:      dpeg_arrival_more_subterranean_lakeside_camping
D:2:      nicolae_overflow_crystal_walls, marbit_many_paths,
          corexii_item_surrounded_by_moat, serial_bayou_crossing
D:3:      tgw_sif, grunt_gozag_statues, minmay_misc_feat_rows

Skill      XL: |  1  2  3 |
---------------+----------+-----
Spellcasting   | 5 |  5.1
Invocations    | 1 |  1.2
Short Blades   | 1 |  1.1
Long Blades    | 1 |  1.1
Axes           | 1 |  1.1
Maces & Flails | 1 |  1.1
Staves         | 1 |  1.1
Slings         | 1 |  1.1
Bows           | 1 |  1.1
Crossbows      | 1 |  1.1
Throwing       | 1 |  1.1
Stealth        | 1 |  1.1
Shields        | 1 |  1.1
Unarmed Combat | 1 |  1.1
Evocations     | 1 |  1.1
Fighting       | |  4.6
Polearms       | |  4.6
Armour         | |  2.7
Dodging        | |  4.6
Conjurations   | |  0.9
Hexes          | |  0.9
Charms         | |  5.4
Summonings     | |  0.9
Necromancy     | |  0.9
Translocations | |  0.9
Transmutations | |  0.9
Fire Magic     | |  0.9
Ice Magic      | |  0.9
Air Magic      | |  0.9
Earth Magic    | |  0.9
Poison Magic   | |  0.9

Action                   |  1- 3 |  4- 6 || total
-------------------------+-------+-------++-------
Melee: Spear             |   142 |    94 ||   236
       Bite              |    10 |     8 ||    18
       Punch             |     1 |       ||     1
 Cast: Shroud of Golubri |     1 |     2 ||     3
       Infusion          |     1 |     1 ||     2
       Regeneration      |       |     1 ||     1
       Song of Slaying   |       |     1 ||     1
 Stab: Sleeping          |     1 |       ||     1
  Eat: Chunk             |     1 |     1 ||     2
Armor: Leather armour    |    20 |    18 ||    38
Dodge: Dodged            |    76 |    36 ||   112

Table legend:
 A = Non-vault XP
 B = Vault XP
 C = Vault XP percentage of total XP
 D = Non-vault monster count
 E = Vault monster count
 F = Vault count percentage of total count
                 A         B        C        D         E       F
            +---------+---------+-------+---------+---------+-------
      Total |     123 |       1 |   0.8 |      58 |       1 |   1.7
            +---------+---------+-------+---------+---------+-------
        D:1 |      39 |       0 |   0.0 |      23 |       0 |   0.0
        D:2 |      48 |       1 |   2.0 |      23 |       1 |   4.2
        D:3 |      36 |       0 |   0.0 |      12 |       0 |   0.0
            +---------+---------+-------+---------+---------+-------
